 Dungeon Crawl Stone Soup version 0.28-a0-697-g47f3eba078 (webtiles) character file.

Game seed: 12775666362187487048

938 SmokeWeed the Twirler (level 7, -2/60 HPs)
             Began as a Grey Draconian Artificer on Oct 23, 2021.
             Was a Follower of Okawaru.
             Succumbed to a hornet's poison
             ... on level 5 of the Dungeon on Oct 24, 2021.
             The game lasted 00:17:24 (6048 turns).

SmokeWeed the Twirler (Grey Draconian Artificer)    Turns: 6048, Time: 00:17:24

Health: -2/60      AC: 15    Str: 14    XL:     7   Next: 87%
Magic:  7/7        EV: 13    Int: 13    God:    Okawaru [*.....]
Gold:   324        SH:  0    Dex: 12    Spells: 6/6 levels left

rFire   . . .      SeeInvis .   q - +5 quarterstaff (chaos)
rCold   . . .      Faith    .   (shield currently unavailable)
rNeg    . . .      Spirit   .   (armour unavailable)
rPois   .          Reflect  .   (helmet restricted)
rElec   .          Harm     .   r - +0 cloak
rCorr   .          Rampage  .   h - +1 pair of gloves
Will    .....                   C - +0 pair of boots
Stlth   ++........              (no amulet)
HPRegen 0.20/turn               (no ring)
MPRegen 0.10/turn               (no ring)

@: lethally poisoned (-2 -> -23), slowed, very slow
A: AC +11, amphibious, unfitting armour, cold-blooded
a: Renounce Religion, Heroism


You were on level 5 of the Dungeon.
You worshipped Okawaru.
Okawaru was aware of your devotion.
You visited 2 branches of the dungeon, and saw 6 of its levels.
You also visited: Sewer.

You collected 324 gold pieces.

Inventory:

Hand Weapons
 e - a +0 hunting sling
 f - a +2 dagger of electrocution
 g - a +0 scimitar
 q - a +5 quarterstaff of chaos (weapon)
 y - a +0 short sword of electrocution
Missiles
 i - 2 datura-tipped darts
 l - 47 poisoned darts
 n - 186 stones
 w - 24 arrows
 x - 60 bolts
 F - 17 sling bullets
Armour
 h - a +1 pair of gloves (worn)
 r - a +0 cloak (worn)
 C - a +0 pair of boots (worn)
Jewellery
 j - a ring of protection from fire
Wands
 b - a wand of flame (3)
 c - a wand of charming (15)
 G - a wand of acid (7) (quivered)
Scrolls
 u - a scroll of immolation
 B - 3 scrolls of fog
 H - a scroll of magic mapping
Potions
 a - 2 potions of haste {unknown}
 k - 3 potions of flight
 m - 5 potions of invisibility
 o - 3 potions of lignification
 p - a potion of curing {unknown}
 s - a potion of degeneration {unknown}
 t - a potion of attraction {unknown}
 v - 2 potions of cancellation
 z - 2 potions of mutation {unknown}
 A - 2 potions of might
 D - 2 potions of brilliance {unknown}
 E - a potion of magic {unknown}
Miscellaneous
 d - a piece from Xom's chessboard (15/15)


   Skills:
 * Level 4.4 Fighting
 - Level 2.0 Short Blades
 + Level 4.5 Staves
 + Level 2.4 Slings
 * Level 4.0 Dodging
 * Level 2.8 Stealth
 * Level 0.2 Spellcasting
 * Level 3.6 Evocations


You had 6 spell levels left.
You didn't know any spells.
Your spell library was empty.

Dungeon Overview and Level Annotations

Branches:
Dungeon (5/15)             Temple (1/1) D:5           Sewer (visited)

Altars:
Ashenzari
Cheibriados
Dithmenos
Elyvilon
Fedhas
Kikubaaqudgha
Makhleb
Nemelex Xobeh
Okawaru
Qazlal
Ru
Sif Muna
Trog
Uskayaw
Vehumet
Xom
Yredelemnul
Zin

Shops:
D:5 *

Annotations:
D:3 2 transporters


Innate Abilities, Weirdness & Mutations

Your dull iron-grey scales are very hard. (AC +11)
You are amphibious.
You cannot fit into any form of body armour.
You are cold-blooded and may be slowed by cold attacks.


Message History

The hornet stings you.
You feel as though you will be slow longer.
The hornet stings you but does no damage.
The hornet misses you.
You hit the hornet.
The hornet is heavily wounded.
The hornet closely misses you. The hornet barely misses you.
The hornet stings you but does no damage.
You barely miss the hornet.
The hornet is heavily wounded.
The hornet stings you.
You are poisoned.
You suddenly lose the ability to move!
The hornet stings you!
You are more poisoned.
You feel as though you will be slow longer.
You can move again.
You sock the hornet! You burn the hornet.
Your tail-slap misses the hornet.
The hornet is severely wounded.
You feel very sick. The hornet stings you.
You are more poisoned.
You shrug off the repeated paralysis!
The hornet barely misses you.
Aiming: Corrosive Bolt
Press: ? - help, Q - select action, (/) - cycle Shift-Dir - straight line, f - hornet
Aim: a hornet (severely wounded, lightly drained, 60% to hit)
The bolt of acid misses the hornet.
* * * LOW HITPOINT WARNING * * *
You feel extremely sick. The hornet stings you.
* * * LOW HITPOINT WARNING * * *
You are more poisoned.
You feel as though you will be slow longer.
The hornet stings you!
* * * LOW HITPOINT WARNING * * *
You feel as though you will be slow longer.
You hit the hornet. Lightning courses through the hornet!
You kill the hornet!
Okawaru is honoured by your kill.
You can now gain great but temporary skills.
You die...

.§≈#####≈ .≈#§§≈≈#≈ .
§≈⌠§≈§≈ §_§§#. #
+≈≈§§#. .# #§##≈#.
##### .##....≈≈≈≈...
#...##..##..≈...≈§...
#...@...........≈≈§..
#...##.......########
#...# .##...# ####
#...######...# ##...
#....#..#....# #....
#....'..'....# #....
#...##..##...# #....
######..##...# #....
#...#...# #....


There were no monsters in sight!

Vanquished Creatures
  A hornet (D:5)
  A floating eye (shapeshifter) (D:4)
  A phantom (D:5)
  2 kobold brigands
  A hound (D:5)
  A centaur skeleton (D:5)
  Crazy Yiuf (D:2)
  2 bullfrog skeletons (D:5)
  Natasha (thrice) (D:2)
  2 iguanas
  10 gnolls
  5 adders
  9 river rats
  An ufetubus (D:5)
  2 worms
  2 dart slugs (D:1)
  10 orcs
  11 ball pythons
  5 endoplasms
  7 giant cockroaches
  10 goblins
  8 hobgoblins
  5 quokkas
  6 bats
  2 frilled lizards
  24 kobolds
  19 rats
151 creatures vanquished.

Vanquished Creatures (others)
  2 plants (D:1)
2 creatures vanquished.

Grand Total: 153 creatures vanquished

Notes
Turn   | Place    | Note
-------+----------+-------------------------------------------
     0 | D:1      | SmokeWeed the Draconian Artificer began the quest for the
                  | Orb.
     0 | D:1      | Reached XP level 1. HP: 16/16 MP: 1/1
   180 | D:1      | Reached XP level 2. HP: 23/23 MP: 2/2
   206 | D:1      | Found a faded altar of an unknown god.
   635 | D:1      | Reached skill level 1 in Slings
   680 | D:1      | Reached XP level 3. HP: 28/28 MP: 3/3
   871 | D:1      | Reached skill level 1 in Stealth
  1148 | D:1      | Reached XP level 4. HP: 8/36 MP: 4/4
  1450 | D:2      | Reached skill level 1 in Short Blades
  1600 | D:2      | Noticed Natasha
  1610 | D:2      | Killed Natasha
  1749 | D:2      | Found a runed translucent door.
  1752 | D:2      | Noticed Crazy Yiuf
  1758 | D:2      | Killed Crazy Yiuf
  1759 | D:2      | Reached XP level 5. HP: 10/41 MP: 5/5
  2060 | D:2      | Noticed Natasha
  2067 | D:2      | Killed Natasha
  2269 | D:2      | Noticed Natasha
  2274 | D:2      | Killed Natasha
  2551 | D:3      | Found a transporter.
  2591 | D:3      | Reached skill level 1 in Staves
  2603 | D:3      | Reached XP level 6. HP: 10/50 MP: 6/6
  2964 | D:3      | Noticed a small abomination
  2966 | D:3      | Found a transporter.
  3257 | D:3      | Noticed a toenail golem
  3464 | D:4      | Found a glowing drain.
  3469 | Sewer    | Entered a sewer
  4608 | D:4      | Noticed a glowing shapeshifter
  4608 | D:4      | a scorpion changed into a glowing shapeshifter
  4608 | D:4      | Noticed a floating eye
  4608 | D:4      | a glowing shapeshifter changed into a floating eye
  4611 | D:4      | Killed a floating eye
  4612 | D:4      | Your scales start taking on a dull iron-grey colour.
  4612 | D:4      | Reached XP level 7. HP: 58/58 MP: 7/7
  5086 | D:4      | Found an ancient bone altar of Kikubaaqudgha.
  5223 | D:5      | Entered Level 5 of the Dungeon
  5223 | D:5      | Found Nioliona's Overcharged Wands.
  5347 | D:5      | Found a staircase to the Ecumenical Temple.
  5355 | Temple   | Entered the Ecumenical Temple
  5609 | Temple   | Became a worshipper of Warmaster Okawaru
  5875 | D:5      | Found a stormy altar of Qazlal.
  6030 | D:5      | Noticed a hornet
  6045 | D:5      | Paralysed by a hornet for 1 turns
  6048 | D:5      | Killed a hornet
  6048 | D:5      | Reached * piety under Okawaru
  6048 | D:5      | Succumbed to a hornet's poison

Illustrated notes

Levels and vault maps discovered:
D:1:      dpeg_arrival_stone_temple_mockup, layout_basic,
          shapermc_ecumenical_altar_acropolis, corexii_corridor_pit
D:2:      layout_rooms, guppyfry_early_orc_mine, uniq_natasha,
          uniq_crazy_yiuf_cottage
D:3:      layout_basic, gammafunk_ghost_abyssal_escape, serial_park_tiny_pond
D:4:      layout_loops_cross, mainiacjoe_overflow_small_starburst,
          gup_sewer_entry_bowl, kennysheep_big_empty_room
D:5:      layout_gridville, nicolae_qazlal_general_emergency,
          minmay_temple_entry_waves, serial_bayou_pond_d, kennysheep_donut,
          nicolae_shop_overcharged_wands
Temple:   regret_index_temple_sphere_string

Skill      XL: |  1  2  3  4  5  6  7 |
---------------+----------------------+-----
Slings         | 1 2 |  2.4
Stealth        | 1 2 |  2.8
Short Blades   | 1 2 |  2.0
Fighting       | 2 3 4 |  4.4
Dodging        | 3 4 |  4.0
Staves         | 1 3 4 |  4.5
Spellcasting   | |  0.2
Evocations     | |  3.6

Action                   |  1- 3 |  4- 6 |  7- 9 || total
-------------------------+-------+-------+-------++-------
Melee: Short sword       |    29 |       |       ||    29
       Tailslap          |     5 |    12 |     4 ||    21
       Dagger            |     6 |    33 |       ||    39
       Quarterstaff      |       |   181 |    80 ||   261
 Fire: Hunting sling     |    54 |       |       ||    54
Evoke: Wand              |     4 |     6 |     3 ||    13
  Use: Scroll            |       |     9 |     3 ||    12
 Stab: Sleeping          |     2 |     1 |     1 ||     4
       Distracted        |       |     1 |       ||     1
       Confused          |       |     1 |       ||     1
       Paralysed         |       |     1 |       ||     1
Armor: Skin              |    26 |    80 |    44 ||   150
Dodge: Dodged            |    37 |   158 |    48 ||   243

Table legend: (Time is in decaauts)
 A = Elapsed time spent in this place.
 B = Non-inter-level travel time spent in this place.
 C = Inter-level travel time spent in this place.
 D = Time resting spent in this place.
 E = Time spent auto-exploring this place.
 F = Levels seen in this place.
 G = Mean time per level.
                   A        B        C        D        E       F      G
               +--------+--------+--------+--------+--------+-----+--------+
         Total |   6132 |   6043 |     89 |   1430 |   3053 |   7 |  876.0 |
       Dungeon |   4822 |   4737 |     85 |    997 |   2645 |   5 |  964.4 |
        Temple |    273 |    269 |      4 |      0 |    114 |   1 |  273.0 |
         Sewer |   1036 |   1036 |      0 |    433 |    293 |   1 | 1036.0 |
               +--------+--------+--------+--------+--------+-----+--------+

Top non-repeatable levels by time:
     D:1: 1424 daAuts
   Sewer: 1036 daAuts
     D:2: 1015 daAuts
     D:3: 957 daAuts
     D:4: 865 daAuts
     D:5: 560 daAuts
  Temple: 273 daAuts
